[Event "*** SCC Grand Prix: Titled Tuesday Blitz"]
[Site "Chess.com"]
[Date "2020.06.09"]
[Round "1"]
[White "Twitch_ElhamBlitz05"]
[Black "Haapana"]
[Result "1/2-1/2"]
[WhiteElo "2744"]
[BlackElo "2410"]
[TimeControl "180+1"]
[EndTime "9:10:50 PDT"]
[Termination "Game drawn by 50-move rule"]

1. e4 c6 2. d4 d5 3. Nc3 dxe4 4. Nxe4 Bf5 5. Ng3 Bg6 6. h4 h6 7. Nf3 Nd7 8. h5 Bh7 9. Bd3 Bxd3 10. Qxd3 e6 11.
Bd2 Ngf6 12. O-O-O Be7 13. Qe2 a5 14. Nf1 Bb4 15. c3 Be7 16. g4 a4 17. g5 hxg5 18.
Bxg5 Qa5 19. Qc2 Qd5 20. Ne5 Qxa2 21. Nxd7 Kxd7 22. Bxf6 Bxf6 23. Ne3 Bg5 24. Qb1 Qb3 25. Qc2 Qa2 26. Rdg1 Bh6 27. Kd2 a3 28. b3 Qxc2+ 29. Kxc2 Bxe3 30. fxe3 Rh7 31. b4 Rah8 32. Kb3 Ke7 33.
Ra1 Rxh5 34. Rxh5 Rxh5 35. Rxa3 Kd7 36. e4 Kc7 37. e5 g5 38. Ra1 g4 39. Rg1 Rg5 40.
Rg3 b5 41. Kc2 Kd7 42. Kd3 Ke7 43. Ke4 f5+ 44. exf6+ Kxf6 45. Kf4 e5+ 46. dxe5+ Rxe5 47. Rxg4 Re1 48. Rh4 Ke6 49. Rh6+ Kd5 50. Rh5+ Kd6 51.
Rc5 Rf1+ 52. Ke3 Re1+ 53. Kf4 Re6 54. Rh5 Rf6+ 55. Ke3 Re6+ 56. Kd3 Rf6 57. Rh4 Re6 58. Kd4 Rf6 59. Rh8 Re6 60. Rd8+ Kc7 61. Rg8 Kd6 62.
Kd3 Rf6 63. Rg5 Re6 64. Kc2 Rf6 65. Kd2 Re6 66. Rh5 Rf6 67. Ke3 Re6+ 68. Kd3 Rf6 69.
Rh1 Re6 70. Ra1 Rf6 71. Ra6 Re6 72. Kd4 Rg6 73. Kd3 Rh6 74. Kc2 Rg6 75. c4 bxc4 76.
Kc3 Rg4 77. b5 Kc5 78. bxc6 Kd6 79. Kb4 Kc7 80. Kc5 Rg5+ 81. Kxc4 Rh5 82. Kd4 Rg5 83. Ra7+ Kxc6 84. Rf7 Kd6 85. Rf6+ Ke7 86. Ra6 Kd7 87.
Ke4 Rb5 88. Kf4 Kc7 89. Rg6 Kb7 90. Rg7+ Ka6 91. Ke4 Ka5 92. Kd4 Rb4+ 93. Kc5 Rb5+ 94.
Kc4 Rb4+ 95. Kc3 Rb5 96. Rg6 Rc5+ 97. Kd4 Rb5 98. Rg8 Rb4+ 99. Kc5 Rb5+ 100. Kc6 Rb6+ 101. Kc7 Rb5 102. Rg4 Rb4 103. Rg1 Kb5 104. Rg5+ Ka4 105. Kc6 Kb3 106. Rg2 Rc4+ 107. Kd5 Rb4 108. Kc5 Rc4+ 109. Kd5 Rb4 110. Rg3+ Ka4 111. Rg1 Rb5+ 112. Kc6 Rb4 113. Ra1+ Kb3 114. Kc5 Rc4+ 115. Kd5 Rb4 116. Rb1+ Ka4 117. Rg1 Kb5 118. Rg8 Ka4 119. Kc5 Rb5+ 120. Kc4 Rb4+ 121. Kc3 Rb3+ 122. Kc2 Rb4 123. Rc8 Rb5 124. Rc6 Rb4 125. Rc3 Rb5 126. Rg3 Ka5 127. Rg6 Rb6 128. Rg8 Rb5 129. Kc3 Rb6 130. Ra8+ Ra6 131. Rf8 Rb6 132. Kc4 Rc6+ 133. Kd5 Rb6 1/2-1/2

[Event "*** SCC Grand Prix: Titled Tuesday Blitz"]
[Site "Chess.com"]
[Date "2020.06.09"]
[Round "2"]
[White "dey2580"]
[Black "goldenpuppy"]
[Result "1-0"]
[WhiteElo "2443"]
[BlackElo "2199"]
[TimeControl "180+1"]
[EndTime "9:12:33 PDT"]
[Termination "dey2580 won by checkmate"]

1. d4 Nf6 2. Nf3 e6 3. e3 c5 4. b3 d5 5. Bb2 Nc6 6. Nbd2 Be7 7.
a3 O-O 8. Bd3 b6 9. O-O Bb7 10.
Qe2 Rc8 11. Rfd1 Nd7 12. Rac1 f6 13. c4 Qe8 14. dxc5 Nxc5 15. Bb1 dxc4 16. Nxc4 Qf7 17. b4 Na4 18. Qc2 Nxb2 19. Qxh7# 1-0

[Event "*** SCC Grand Prix: Titled Tuesday Blitz"]
[Site "Chess.com"]
[Date "2020.06.09"]
[Round "2"]
[White "BIG_Pirate"]
[Black "Panterov"]
[Result "1-0"]
[WhiteElo "2425"]
[BlackElo "2137"]
[TimeControl "180+1"]
[EndTime "9:12:48 PDT"]
[Termination "BIG_Pirate won by resignation"]

1. Nf3 Nf6 2. c4 c5 3. Nc3 b6 4. g3 Bb7 5. Bg2 g6 6. O-O Bg7 7. b3 Nc6 8. Bb2 e6 9. d4 cxd4 10. Nxd4 d5 11. cxd5 Nxd4 12. Qxd4 exd5 13. Nxd5 Bxd5 14. Bxd5 1-0

[Event "*** SCC Grand Prix: Titled Tuesday Blitz"]
[Site "Chess.com"]
[Date "2020.06.09"]
[Round "2"]
[White "Volodar_Murzin"]
[Black "guillembaches"]
[Result "0-1"]
[WhiteElo "2704"]
[BlackElo "2492"]
[TimeControl "180+1"]
[EndTime "9:13:04 PDT"]
[Termination "guillembaches won by resignation"]

1. e4 c5 2. Nf3 d6 3. Bb5+ Bd7 4. Bxd7+ Qxd7 5. O-O Nf6 6. Re1 Nc6 7. c3 e6 8. d4 cxd4 9. cxd4 d5 10. e5 Ne4 11.
Nbd2 Nxd2 12. Bxd2 Bb4 13. Rc1 Bxd2 14. Qxd2 O-O 15.
h4 Rac8 16. h5 h6 17. Rc3 Ne7 18. Ra3 b6 19. g4 Rc4 20. Qc2 Rxc2 0-1

[Event "*** SCC Grand Prix: Titled Tuesday Blitz"]
[Site "Chess.com"]
[Date "2020.06.09"]
[Round "2"]
[White "jacky72"]
[Black "coalescenet"]
[Result "1-0"]
[WhiteElo "2686"]
[BlackElo "2348"]
[TimeControl "180+1"]
[EndTime "9:13:05 PDT"]
[Termination "jacky72 won by resignation"]

1. e4 c6 2. Nc3 d5 3. Nf3 Bg4 4. h3 Bxf3 5. Qxf3 Nf6 6. exd5 cxd5 7. d4 Nc6 8. Be3 e6 9. a3 Be7 10. Bd3 O-O 11. O-O Re8 12. Ne2 g6 13. c3 Bf8 14.
Ng3 Bg7 15. Bf4 Qb6 16. b4 a6 17. a4 Na7 18. h4 Rac8 19. Bd2 Nc6 20. h5 Ne7 21. h6 Bh8 22. a5 Qc6 23. Rfc1 Nd7 24. b5 axb5 25. Rab1 Nf6 26. Bxb5 Qc7 27. Bxe8 Rd8 1-0

[Event "*** SCC Grand Prix: Titled Tuesday Blitz"]
[Site "Chess.com"]
[Date "2020.06.09"]
[Round "2"]
[White "Future2700"]
[Black "pma83"]
[Result "0-1"]
[WhiteElo "2406"]
[BlackElo "2137"]
[TimeControl "180+1"]
[EndTime "9:13:40 PDT"]
[Termination "pma83 won by resignation"]

1. e4 c5 2. Nf3 g6 3. d4 cxd4 4. Nxd4 Bg7 5. Nc3 Nc6 6. Be3 Nf6 7. Nxc6 bxc6 8. e5 Ng8 9. Bd4 f6 10. f4 Qa5 11. Bc4 fxe5 12. fxe5 Bxe5 13. O-O Nf6 14.
Bxe5 Qxe5 15. Kh1 d5 16. Re1 Qc7 17. Bb3 Ng4 18. g3 Nf2+ 0-1

[Event "*** SCC Grand Prix: Titled Tuesday Blitz"]
[Site "Chess.com"]
[Date "2020.06.09"]
[Round "2"]
[White "Alex_Banzea"]
[Black "IgotJinxed"]
[Result "1-0"]
[WhiteElo "2432"]
[BlackElo "2177"]
[TimeControl "180+1"]
[EndTime "9:14:05 PDT"]
[Termination "Alex_Banzea won by checkmate"]

1. e4 c6 2. Nf3 d5 3. exd5 cxd5 4. Ne5 Nc6 5. d4 Bf5 6. Bb5 Bd7 7. Nxd7 Qxd7 8. c3 a6 9. Bd3 e6 10. O-O Nf6 11.
Nd2 Be7 12. Nf3 O-O 13. Re1 b5 14. Ne5 Qc7 15. Bf4 Bd6 16. Qf3 b4 17. Qh3 bxc3 18.
bxc3 Ne7 19. Ng4 Nxg4 20. Qxh7# 1-0

[Event "*** SCC Grand Prix: Titled Tuesday Blitz"]
[Site "Chess.com"]
[Date "2020.06.09"]
[Round "2"]
[White "ChessWarrior7197"]
[Black "Haykos"]
[Result "1-0"]
[WhiteElo "2939"]
[BlackElo "2599"]
[TimeControl "180+1"]
[EndTime "9:14:07 PDT"]
[Termination "ChessWarrior7197 won by resignation"]

1. e4 c5 2. Nf3 e6 3. g3 b6 4. Bg2 Bb7 5. d4 Bxe4 6. Nc3 Bb7 7. d5 Nf6 8. Bg5 exd5 9. O-O d4 10. Re1+ Be7 11. Nxd4 Bxg2 12. Nf5 Nc6 13. Nxg7+ Kf8 14. Bh6 Kg8 15. Kxg2 Bf8 16. Nf5 d5 17. Qd2 Ne4 18.
Nxe4 dxe4 19. Rxe4 Qxd2 20. Rg4+ 1-0

[Event "*** SCC Grand Prix: Titled Tuesday Blitz"]
[Site "Chess.com"]
[Date "2020.06.09"]
[Round "2"]
[White "Dinamo81"]
[Black "cholzan"]
[Result "1-0"]
[WhiteElo "2622"]
[BlackElo "2335"]
[TimeControl "180+1"]
[EndTime "9:14:20 PDT"]
[Termination "Dinamo81 won by resignation"]

1. d4 d6 2. e4 Nf6 3. Nc3 e5 4. Nf3 Nbd7 5. Rg1 Be7 6. g4 exd4 7.
Nxd4 Nc5 8. Qf3 h5 9. g5 Ng4 10. h4 Be6 11. Bf4 Qd7 12. O-O-O O-O-O 13. Qg3 Na4 14. Bb5 1-0

[Event "*** SCC Grand Prix: Titled Tuesday Blitz"]
[Site "Chess.com"]
[Date "2020.06.09"]
[Round "2"]
[White "Firouzja2003"]
[Black "DenLaz"]
[Result "1-0"]
[WhiteElo "3131"]
[BlackElo "2632"]
[TimeControl "180+1"]
[EndTime "9:14:22 PDT"]
[Termination "Firouzja2003 won by resignation"]

1. e4 e5 2. Nf3 Nc6 3. Bb5 a6 4. Ba4 Nf6 5. O-O Be7 6. Re1 b5 7. Bb3 d6 8. c3 O-O 9. h3 Bb7 10. d4 Re8 11. Nbd2 Bf8 12. a4 h6 13. Bc2 exd4 14. cxd4 Nb4 15. Bb1 c5 16. d5 Nd7 17.
Ra3 c4 18. Nd4 Nc5 19. axb5 Qf6 20. Nxc4 axb5 21. Rf3 Qd8 22. Na3 Nba6 23. Naxb5 Qd7 24. Rg3 Kh8 25. Nc3 Nb4 26. Nf5 Ba6 27. Bxh6 g6 28. Bxf8 Rxf8 29. Qd4+ f6 30. Rxg6 1-0

[Event "*** SCC Grand Prix: Titled Tuesday Blitz"]
[Site "Chess.com"]
[Date "2020.06.09"]
[Round "2"]
[White "2L8IWUN"]
[Black "CookiesAndIceCream"]
[Result "1-0"]
[WhiteElo "2542"]
[BlackElo "2313"]
[TimeControl "180+1"]
[EndTime "9:14:23 PDT"]
[Termination "2L8IWUN won by resignation"]

1. e4 e6 2. c4 d5 3. cxd5 exd5 4. Qb3 Nf6 5. Nc3 dxe4 6. Bc4 Qd7 7. d3 Nc6 8. dxe4 Na5 9. Qb5 Nxc4 10. Qxc4 Bd6 11. Nf3 O-O 12. O-O Qe6 13. Qxe6 Bxe6 14.
e5 Bc4 15. Rd1 1-0

[Event "*** SCC Grand Prix: Titled Tuesday Blitz"]
[Site "Chess.com"]
[Date "2020.06.09"]
[Round "2"]
[White "ARMQUEEN"]
[Black "blitzking1729"]
[Result "0-1"]
[WhiteElo "2308"]
[BlackElo "2541"]
[TimeControl "180+1"]
[EndTime "9:14:25 PDT"]
[Termination "blitzking1729 won by resignation"]

1. e4 d6 2. d4 Nf6 3. Nc3 e5 4.
Nf3 Nbd7 5. Bc4 Be7 6. Bxf7+ Kxf7 7. Ng5+ Kg8 8. Ne6 Qe8 9. Nxc7 Qg6 10. Nxa8 Qxg2 11. Rf1 exd4 12. Qxd4 Ne5 13. Qe3 Bh3 14. Kd2 Nc4+ 0-1

[Event "*** SCC Grand Prix: Titled Tuesday Blitz"]
[Site "Chess.com"]
[Date "2020.06.09"]
[Round "2"]
[White "MuradNuri"]
[Black "Biranidun"]
[Result "0-1"]
[WhiteElo "2450"]
[BlackElo "2711"]
[TimeControl "180+1"]
[EndTime "9:14:30 PDT"]
[Termination "Biranidun won by resignation"]

1. e4 c5 2. Nf3 d6 3. Nc3 Nf6 4. e5 dxe5 5. Nxe5 a6 6. g3 Nbd7 7. d4 e6 8. Be3 Qc7 9. Nf3 cxd4 10. Bxd4 Bb4 11. a3 Ba5 12. Qe2 O-O 13. Ne5 Nxe5 14.
Bxe5 Qc6 15. Rg1 Nd5 16. Bg2 Nxc3 17. Qg4 Nd5+ 18. b4 f6 0-1

[Event "*** SCC Grand Prix: Titled Tuesday Blitz"]
[Site "Chess.com"]
[Date "2020.06.09"]
[Round "2"]
[White "Nyzhnyk_Illia"]
[Black "Haapana"]
[Result "1-0"]
[WhiteElo "2865"]
[BlackElo "2409"]
[TimeControl "180+1"]
[EndTime "9:14:41 PDT"]
[Termination "Nyzhnyk_Illia won by resignation"]

1. Nf3 d5 2. g3 Nf6 3. Bg2 g6 4. O-O Bg7 5. d3 O-O 6. Nbd2 Nc6 7. c3 h6 8. Qc2 e5 9. e4 dxe4 10. dxe4 Qe7 11. a4 a5 12. b3 Rd8 13. Ba3 Qe8 14. Nc4 b6 15. Rfd1 Ba6 16. Ne3 Bb7 17. Nd5 Rd7 18.
Bh3 1-0

[Event "*** SCC Grand Prix: Titled Tuesday Blitz"]
[Site "Chess.com"]
[Date "2020.06.09"]
[Round "2"]
[White "Munkhzul_Turmunkh"]
[Black "mishanick"]
[Result "0-1"]
[WhiteElo "2601"]
[BlackElo "2946"]
[TimeControl "180+1"]
[EndTime "9:14:42 PDT"]
[Termination "mishanick won by resignation"]

1. e4 c5 2. Nf3 d6 3. d4 cxd4 4. Nxd4 Nf6 5. Nc3 a6 6. Be3 e5 7. Nb3 Be6 8. f3 Nbd7 9. Qd2 b5 10. g4 Be7 11. O-O-O b4 12. Nd5 Bxd5 13. exd5 Nb6 14. Na5 Nbxd5 15. Nc4 Nxe3 16. Nxe3 O-O 17. h4 a5 18. Nf5 Rc8 19. Nxe7+ Qxe7 20. Qxd6 Qa7 21. Qxe5 a4 22. Kb1 Rfe8 23. Qb5 a3 24. b3 Qd4 0-1

[Event "*** SCC Grand Prix: Titled Tuesday Blitz"]
[Site "Chess.com"]
[Date "2020.06.09"]
[Round "2"]
[White "ElviraBerend"]
[Black "PavelShkapenko"]
[Result "1/2-1/2"]
[WhiteElo "2386"]
[BlackElo "2679"]
[TimeControl "180+1"]
[EndTime "9:14:43 PDT"]
[Termination "Game drawn by repetition"]

1. d4 Nf6 2. c4 e6 3. g3 Bb4+ 4. Bd2 Qe7 5. Nf3 Nc6 6. Nc3 Bxc3 7.
Bxc3 Ne4 8. Rc1 O-O 9. Bg2 d6 10. d5 Nxc3 11. Rxc3 Nb8 12. dxe6 fxe6 13. O-O Nd7 14.
Qc2 Nf6 15. Ng5 c6 16. Rd1 d5 17. cxd5 exd5 18. Re3 Qb4 19. Rf3 Qe7 20. Re3 Qd8 21.
Rf3 Qe7 22. Re3 1/2-1/2

[Event "*** SCC Grand Prix: Titled Tuesday Blitz"]
[Site "Chess.com"]
[Date "2020.06.09"]
[Round "2"]
[White "robertofabregas"]
[Black "marianokar"]
[Result "0-1"]
[WhiteElo "2102"]
[BlackElo "2411"]
[TimeControl "180+1"]
[EndTime "9:14:43 PDT"]
[Termination "marianokar won by resignation"]

1. d4 Nf6 2. Bf4 e6 3. e3 d5 4. Nf3 Bd6 5. Bg3 O-O 6. Bd3 c5 7. c3 Nc6 8. Nbd2 b6 9. O-O Bb7 10. a4 a6 11. Ne5 Ne7 12. f4 Nf5 13. Bf2 Be7 14. Ndf3 Ne4 15. Bxe4 dxe4 16. Nd2 cxd4 17. cxd4 Qd5 18. g4 Nxd4 19. exd4 e3 0-1

[Event "*** SCC Grand Prix: Titled Tuesday Blitz"]
[Site "Chess.com"]
[Date "2020.06.09"]
[Round "2"]
[White "Gajuchess"]
[Black "rubhani"]
[Result "1-0"]
[WhiteElo "2787"]
[BlackElo "2545"]
[TimeControl "180+1"]
[EndTime "9:14:46 PDT"]
[Termination "Gajuchess won by resignation"]

1. d4 d5 2. c4 c6 3. Nf3 Nf6 4. h3 e6 5. e3 Nbd7 6. Bd3 dxc4 7. Bxc4 b5 8. Bd3 Bb7 9. O-O a6 10. e4 c5 11. d5 exd5 12. exd5 Bxd5 13. Nc3 Bxf3 14.
Qxf3 Be7 15. Bf4 O-O 16. Rad1 Qb6 17. Rfe1 Rfe8 18. Rxe7 Rxe7 19. Qxa8+ Re8 20. Qf3 c4 21. Bc2 Nc5 22. Be3 Qc7 23. Nd5 Nxd5 24. Qxd5 Ne6 25. Qd7 Qb8 26. Ba7 Qa8 27. Be4 1-0

[Event "*** SCC Grand Prix: Titled Tuesday Blitz"]
[Site "Chess.com"]
[Date "2020.06.09"]
[Round "2"]
[White "IriBu"]
[Black "Y0ung_Capablanca"]
[Result "1-0"]
[WhiteElo "2529"]
[BlackElo "2740"]
[TimeControl "180+1"]
[EndTime "9:14:47 PDT"]
[Termination "IriBu won by resignation"]

1. e4 c6 2. d4 d5 3. e5 c5 4.
dxc5 e6 5. Be3 Ne7 6. f4 Nec6 7. Nf3 Nd7 8. Bb5 Bxc5 9. Bxc5 Nxc5 10. Bxc6+ bxc6 11. O-O Qb6 12. Kh1 Ba6 13. Re1 Ne4 14. Qd4 c5 15. Qe3 O-O 16. b3 Bb7 17. Nbd2 d4 18. Qe2 Nc3 19. Qd3 Ba6 20. Nc4 Qb4 21. Ng5 g6 22. a3 Bxc4 23. Qh3 1-0

[Event "*** SCC Grand Prix: Titled Tuesday Blitz"]
[Site "Chess.com"]
[Date "2020.06.09"]
[Round "2"]
[White "GjakanTati"]
[Black "ljuks68"]
[Result "1-0"]
[WhiteElo "2597"]
[BlackElo "2325"]
[TimeControl "180+1"]
[EndTime "9:14:54 PDT"]
[Termination "GjakanTati won by resignation"]

1. d4 d5 2. c4 c6 3. Nf3 Nf6 4. cxd5 cxd5 5. Bf4 Nc6 6. e3 Bf5 7. Nc3 e6 8. Be2 Be7 9. O-O O-O 10. Rc1 Nh5 11.
Bg5 Bxg5 12. Nxg5 Qxg5 13. Bxh5 Rac8 14. f4 Qe7 15. Bf3 a6 16. Qe2 Na5 17. b3 Qa3 18.
Qd2 Nc6 19. Na4 Nb4 20. Nc5 Qxa2 21. Qxb4 b5 22. Rf2 1-0

[Event "*** SCC Grand Prix: Titled Tuesday Blitz"]
[Site "Chess.com"]
[Date "2020.06.09"]
[Round "2"]
[White "StephenDedalus83"]
[Black "Logman74"]
[Result "1-0"]
[WhiteElo "2740"]
[BlackElo "2369"]
[TimeControl "180+1"]
[EndTime "9:14:56 PDT"]
[Termination "StephenDedalus83 won by resignation"]

1. e4 c5 2. Nf3 d6 3. d4 cxd4 4. Nxd4 Nf6 5. Nc3 a6 6. h3 e5 7. Nf3 Be7 8. Bc4 O-O 9. Bg5 Be6 10. Qe2 Nbd7 11. Rd1 Qc7 12. Bb3 b5 13. O-O h6 14.
Bxf6 Nxf6 15. Nd5 Nxd5 16. Bxd5 Rac8 17. c3 Bxd5 18. Rxd5 Qc4 19. Qxc4 Rxc4 20. Nd2 Rc6 21. Rd1 Rb8 22. a3 a5 23. Nb3 a4 24. Nc1 Rc5 25. Na2 Rbc8 26. Nb4 Kf8 27. Kf1 Ke8 28. Ke2 Kd7 29. Rxc5 Rxc5 30. Nd3 Rc8 31. Nxe5+ Ke6 32. Nd3 g5 33. Nb4 f5 34. exf5+ Kxf5 35. Rd5+ Ke6 36. Rxb5 Bf6 37. Nd5 Be5 38. Ne3 h5 39. Rb4 Rf8 40.
Rxa4 Rb8 41. Rb4 Rc8 42. Nc4 Bf4 43. g3 Be5 44. Nxe5 1-0

[Event "*** SCC Grand Prix: Titled Tuesday Blitz"]
[Site "Chess.com"]
[Date "2020.06.09"]
[Round "2"]
[White "GukeshDommaraju"]
[Black "andriipalchuk"]
[Result "1-0"]
[WhiteElo "2650"]
[BlackElo "2176"]
[TimeControl "180+1"]
[EndTime "9:14:58 PDT"]
[Termination "GukeshDommaraju won by resignation"]

1. c4 Nf6 2. Nf3 c6 3. b3 d5 4.
Bb2 Bf5 5. g3 Nbd7 6. Bg2 e6 7.
O-O Bd6 8. d3 O-O 9. Nbd2 Qe7 10. Re1 e5 11. cxd5 cxd5 12. e4 dxe4 13. dxe4 Bg6 14.
Nc4 Bb4 15. Re2 Bxe4 16. Nfxe5 Nxe5 17. Bxe4 Rfd8 18. Qc2 Nxe4 19. Rxe4 f6 20. Nxe5 fxe5 21. Qc4+ 1-0

[Event "*** SCC Grand Prix: Titled Tuesday Blitz"]
[Site "Chess.com"]
[Date "2020.06.09"]
[Round "2"]
[White "northridgehawk"]
[Black "ShapkinAnatoliy"]
[Result "1-0"]
[WhiteElo "2360"]
[BlackElo "2653"]
[TimeControl "180+1"]
[EndTime "9:15:03 PDT"]
[Termination "northridgehawk won by resignation"]

1. e4 e5 2. Nf3 Nc6 3. Bb5 Nf6 4. d3 Bc5 5. O-O d6 6. c3 O-O 7. Re1 Ne7 8. d4 exd4 9. cxd4 Bb6 10. Nc3 Bg4 11.
Be3 Nc6 12. Be2 Re8 13. h3 Bh5 14. Qd3 Bg6 15. Nd2 d5 16. Bf3 1-0

[Event "*** SCC Grand Prix: Titled Tuesday Blitz"]
[Site "Chess.com"]
[Date "2020.06.09"]
[Round "2"]
[White "anesar92"]
[Black "manmanlai1"]
[Result "1-0"]
[WhiteElo "2686"]
[BlackElo "2378"]
[TimeControl "180+1"]
[EndTime "9:15:23 PDT"]
[Termination "anesar92 won by resignation"]

1. e4 c5 2. Nf3 e6 3. d4 cxd4 4. Nxd4 a6 5. Nc3 Qc7 6. g3 b5 7. Bg2 Bb7 8. O-O Nc6 9. Re1 Nxd4 10. Qxd4 d6 11. a4 bxa4 12. Rxa4 Nf6 13. Rc4 Qd7 14. e5 Bxg2 15. exf6 Qb7 16. fxg7 Bh1 17. gxf8=Q+ Rxf8 18. Ne4 Bxe4 19. Qxe4 d5 20. Rb4 1-0

[Event "*** SCC Grand Prix: Titled Tuesday Blitz"]
[Site "Chess.com"]
[Date "2020.06.09"]
[Round "2"]
[White "BilguunSu"]
[Black "RaunakSadhwani2005"]
[Result "1/2-1/2"]
[WhiteElo "2606"]
[BlackElo "2902"]
[TimeControl "180+1"]
[EndTime "9:15:24 PDT"]
[Termination "Game drawn by repetition"]

1. e4 c6 2. Nf3 d5 3. Nc3 Bg4 4. Be2 Nf6 5. e5 Nfd7 6. d4 e6 7. O-O c5 8. dxc5 Nc6 9. Bf4 Bxc5 10. Re1 Qb6 11. Bg3 Qxb2 12. Nb5 O-O 13. Rb1 Qxa2 14.
Ra1 Qb2 15. Rb1 Qa2 16. Ra1 Qb2 17. Rb1 Qa2 1/2-1/2

[Event "*** SCC Grand Prix: Titled Tuesday Blitz"]
[Site "Chess.com"]
[Date "2020.06.09"]
[Round "2"]
[White "Caterpiller35"]
[Black "stanyga"]
[Result "0-1"]
[WhiteElo "2301"]
[BlackElo "2661"]
[TimeControl "180+1"]
[EndTime "9:15:24 PDT"]
[Termination "stanyga won by resignation"]

1. d4 d5 2. Bf4 Nf6 3. e3 g6 4. Nc3 Bg7 5. h4 c5 6. Nb5 Na6 7. a4 h6 8. c3 c4 9. Nf3 Qb6 10. Ne5 Ne4 11. b3 cxb3 12. Qxb3 Be6 13. Bd3 O-O 14.
Rb1 Rac8 15. Bxe4 dxe4 16. d5 Nc5 17. dxe6 Nxb3 18. exf7+ Kh7 19. Rxb3 Bxe5 20. Bxe5 Qe6 0-1

[Event "*** SCC Grand Prix: Titled Tuesday Blitz"]
[Site "Chess.com"]
[Date "2020.06.09"]
[Round "2"]
[White "arminmusovic"]
[Black "Training_Day"]
[Result "1-0"]
[WhiteElo "2538"]
[BlackElo "2308"]
[TimeControl "180+1"]
[EndTime "9:15:36 PDT"]
[Termination "arminmusovic won on time"]

1. a3 e5 2. Nc3 Nf6 3. d4 exd4 4. Qxd4 Nc6 5. Qa4 d5 6. Bg5 d4 7. O-O-O Bd7 8. Nb5 Bc5 9. Nf3 a6 10. Qc4 axb5 11.
Qxc5 b4 12. Nxd4 bxa3 13. bxa3 Qe7 14. Qxe7+ Kxe7 15. Nxc6+ Bxc6 16. Kb2 Ra5 17. Bd2 Rb5+ 18. Bb4+ Ke6 19. e4 Rb6 20. Bc4+ Ke5 21. Rhe1 Bb5 22. Bxf7 Bd7 23. g3 1-0

[Event "*** SCC Grand Prix: Titled Tuesday Blitz"]
[Site "Chess.com"]
[Date "2020.06.09"]
[Round "2"]
[White "2346PL"]
[Black "Gromes7"]
[Result "1-0"]
[WhiteElo "2407"]
[BlackElo "2043"]
[TimeControl "180+1"]
[EndTime "9:15:41 PDT"]
[Termination "2346PL won by resignation"]

1. d4 Nf6 2. Bg5 e6 3. Nf3 d5 4. Nbd2 c5 5. e3 Nc6 6. c3 h6 7. Bh4 Be7 8. Bd3 O-O 9. O-O Nd7 10. Bg3 Re8 11. e4 cxd4 12. cxd4 dxe4 13. Nxe4 Qb6 14. Qd2 Nxd4 15. Nxd4 Qxd4 16. Nd6 Qxd6 17. Bxd6 Bxd6 18. Rac1 Be5 19. Qe2 Bf6 20. Bb5 a6 21. Rxc8 axb5 22. Rxe8+ Rxe8 23. Qxb5 Rd8 24. Rd1 1-0

[Event "*** SCC Grand Prix: Titled Tuesday Blitz"]
[Site "Chess.com"]
[Date "2020.06.09"]
[Round "2"]
[White "serhanberat_ozdemir"]
[Black "Quattroporte300"]
[Result "1-0"]
[WhiteElo "2460"]
[BlackElo "2241"]
[TimeControl "180+1"]
[EndTime "9:15:47 PDT"]
[Termination "serhanberat_ozdemir won by resignation"]

1. e4 e5 2. Nf3 Nc6 3. d4 exd4 4. Bc4 Nf6 5. e5 d5 6. Bb5 Ne4 7. Nxd4 Bd7 8. Bxc6 bxc6 9. O-O Bc5 10. f3 Ng5 11. f4 Ne6 12. Be3 O-O 13. f5 Nxd4 14.
Bxd4 Bxd4+ 15. Qxd4 Qb8 16. Nd2 Qb6 17. c3 Rab8 18.
Nb3 Rfe8 19. Rae1 Qxd4+ 20. cxd4 Rb4 21. Rd1 a5 22. Nc5 Bc8 23. b3 Ba6 24. Nxa6 1-0

[Event "*** SCC Grand Prix: Titled Tuesday Blitz"]
[Site "Chess.com"]
[Date "2020.06.09"]
[Round "2"]
[White "SantoBlue"]
[Black "SCIM"]
[Result "1-0"]
[WhiteElo "2791"]
[BlackElo "2548"]
[TimeControl "180+1"]
[EndTime "9:15:48 PDT"]
[Termination "SantoBlue won by resignation"]

1. e4 c5 2. Nf3 e6 3. Nc3 Nc6 4.
d4 cxd4 5. Nxd4 Qc7 6. g3 a6 7. Bg2 Nf6 8. O-O Nxd4 9. Qxd4 Bc5 10. Qd1 h5 11. Bf4 d6 12. Na4 e5 13. Nxc5 exf4 14. Nd3 fxg3 15. hxg3 Bg4 16. Qd2 h4 17. e5 h3 18.
exf6 hxg2 19. Rfe1+ Kd8 20. Ne5 Bd7 21. Nxf7+ Kc8 22.
Nxh8 1-0

[Event "*** SCC Grand Prix: Titled Tuesday Blitz"]
[Site "Chess.com"]
[Date "2020.06.09"]
[Round "2"]
[White "chesslh19"]
[Black "LizaSolovyova"]
[Result "0-1"]
[WhiteElo "2107"]
[BlackElo "2534"]
[TimeControl "180+1"]
[EndTime "9:15:54 PDT"]
[Termination "LizaSolovyova won by resignation"]

1. e4 e5 2. Nf3 d6 3. d4 Qe7 4. Bg5 Nf6 5. Nc3 c6 6. Bc4 h6 7.
Bh4 Bg4 8. dxe5 dxe5 9. O-O Nbd7 10. a4 a5 11. Qd3 O-O-O 12. h3 Nb6 13. Qe2 Bxf3 14.
gxf3 g5 15. Bg3 Nh5 16. Rad1 Rxd1 17. Nxd1 Qc5 18. Kg2 Nxc4 19. Ne3 Nxe3+ 20. fxe3 Nxg3 21. Kxg3 Be7 22. c4 Rd8 23. b3 h5 24. Kg2 h4 25.
Rb1 Qb4 26. Rd1 Qxb3 27. Rxd8+ Bxd8 0-1

[Event "*** SCC Grand Prix: Titled Tuesday Blitz"]
[Site "Chess.com"]
[Date "2020.06.09"]
[Round "2"]
[White "novendrapriasmoro"]
[Black "pitterson"]
[Result "1-0"]
[WhiteElo "2672"]
[BlackElo "2332"]
[TimeControl "180+1"]
[EndTime "9:15:55 PDT"]
[Termination "novendrapriasmoro won by checkmate"]

1. e4 d6 2. d4 Nf6 3. Nc3 Nbd7 4. Nf3 e5 5. Bc4 Be7 6. O-O O-O 7. a4 c6 8. Re1 b6 9. h3 a6 10. Be3 Bb7 11. Qd2 Qc7 12. Bg5 b5 13. axb5 axb5 14. Bd3 b4 15. Ne2 c5 16. dxe5 dxe5 17. Ng3 c4 18. Bf1 c3 19. bxc3 bxc3 20. Qe3 Bc5 21. Qd3 Qb6 22. Be3 Ba6 23. Rxa6 Rxa6 24. Qxa6 Qxa6 25.
Bxa6 Bxe3 26. Rxe3 Nc5 27. Bc4 Rd8 28. Nxe5 Rd2 29.
Bxf7+ Kf8 30. Rxc3 Ncxe4 31. Rc8+ Ke7 32. Nf5# 1-0

[Event "*** SCC Grand Prix: Titled Tuesday Blitz"]
[Site "Chess.com"]
[Date "2020.06.09"]
[Round "2"]
[White "bascheyaro"]
[Black "Danfii"]
[Result "1-0"]
[WhiteElo "2741"]
[BlackElo "2385"]
[TimeControl "180+1"]
[EndTime "9:15:56 PDT"]
[Termination "bascheyaro won by resignation"]

1. d4 Nf6 2. c4 e6 3. Nf3 b6 4. g3 Ba6 5. b3 Bb4+ 6. Bd2 Be7 7. Bg2 O-O 8. O-O d5 9. Nc3 Nbd7 10. cxd5 exd5 11.
Re1 Bb7 12. Rc1 Re8 13. Bf4 c5 14. Nb5 Nh5 15. Bc7 Qc8 16. dxc5 bxc5 17. Bd6 Bc6 18. Bxe7 Rxe7 19. Nbd4 cxd4 20. Nxd4 Nhf6 21. Nxc6 1-0